 Dungeon Crawl Stone Soup version 0.29-a0-551-gffc1d7fb78 (webtiles) character file.

Game seed: 15673225928590660286

12436 dolemite99 the Cleaver (level 11, -7/64 HPs)
             Began as a Gargoyle Fighter on June 6, 2022.
             Was a Believer of Uskayaw.
             Mangled by a troll (9 damage)
             ... on level 11 of the Dungeon.
             The game lasted 00:14:24 (14660 turns).

dolemite99 the Cleaver (Gargoyle Fighter)          Turns: 14660, Time: 00:14:25

Health: -7/64      AC: 27    Str: 30    XL:     11   Next: 93%
Magic:  23/23      EV:  7    Int:  9    God:    Uskayaw [**....]
Gold:   500        SH:  9    Dex:  9    Spells: 10/10 levels left

rFire   . . .      SeeInvis .   a - +4 war axe (vorpal)
rCold   . . .      Faith    .   r - +0 buckler
rNeg    + . .      Spirit   .   M - +0 plate armour
rPois   ∞          Reflect  +   m - +2 helmet
rElec   +          Harm     .   R - +2 cloak
rCorr   +          Rampage  .   (no gloves)
Will    .....                   B - +0 pair of boots
Stlth   ..........              s - amulet of reflection
HPRegen 0.20/turn               c - ring of Tomorrow {+Blink rPois MP+9 Str+6 Stlth+, =R}
MPRegen 0.18/turn               d - ring of resist corrosion

@: marked, hasted (expiring), very quick
A: sickness immunity, AC +8, negative energy resistance 1, electricity
resistance, torment resistance 1, petrification resistance, shaggy fur 1
a: Renounce Religion, Evoke Blink, Stomp, Line Pass


You were on level 11 of the Dungeon.
You worshipped Uskayaw.
Uskayaw was noncommittal.
You visited 1 branch of the dungeon, and saw 11 of its levels.

You collected 742 gold pieces.
You spent 242 gold pieces at shops.

Inventory:

Hand Weapons
 a - a +4 vorpal war axe (weapon)
 b - the +7 hunting sling "No More Talking" {vorpal, rN+ Stlth+}
   (You took it off a centaur on level 11 of the Dungeon)

   Any ammunition fired from it inflicts extra damage upon your enemies.
   rN:        It protects you from negative energy.
   Stlth:     It makes you more stealthy.
 l - a +3 flail of freezing
 n - a +0 morningstar
 v - a +2 demon whip of venom
 w - a +0 vorpal flail
 y - a +0 trident
 N - a +1 demon whip of freezing
Missiles
 E - a throwing net (quivered)
 I - a curare-tipped dart
 Q - an atropa-tipped dart
 U - 3 poisoned darts
Armour
 j - a +1 chain mail
 m - a +2 helmet (worn)
 r - a +0 buckler (worn)
 B - a +0 pair of boots (worn)
 H - a +0 scale mail
 M - a +0 plate armour (worn)
 R - a +2 cloak (worn)
Jewellery
 c - the ring of Tomorrow (left hand) {+Blink rPois MP+9 Str+6 Stlth+, =R}
   (You found it on level 4 of the Dungeon)

   [ring of strength]

   Str:       It affects your strength (+6).
   rPois:     It protects you from poison.
   MP:        It affects your magic capacity (+9).
   +Blink:    It lets you blink.
   Stlth:     It makes you more stealthy.
 d - a ring of resist corrosion (right hand)
 s - an amulet of reflection (around neck)
 C - a ring of wizardry
 P - a ring of see invisible
 T - a ring of flight
Wands
 G - a wand of polymorph (5)
 L - a wand of iceblast (3)
Scrolls
 g - a scroll of vulnerability
 h - 3 scrolls of fog
 k - 5 scrolls of noise
 o - 4 scrolls of torment
 p - 2 scrolls of immolation
 F - 4 scrolls of teleportation
 J - a scroll of blinking
 O - a scroll of identify {@r1}
 S - 3 scrolls of magic mapping
Potions
 e - 3 potions of magic
 f - 3 potions of ambrosia
 i - a potion of resistance
 q - 3 potions of mutation
 x - 2 potions of degeneration
 z - 2 potions of brilliance {unknown}
 A - a potion of heal wounds {unknown}
 D - 2 potions of flight {unknown}


   Skills:
 + Level 5.4 Fighting
 - Level 12.5(13.8) Axes
 - Level 6.0(10.6) Maces & Flails
 - Level 7.4(11.0) Polearms
 - Level 4.0 Slings
 - Level 3.2 Armour
 - Level 4.0 Shields
 - Level 5.0 Invocations


You had 10 spell levels left.
You didn't know any spells.
Your spell library contained the following spells:

 Spells                   Type           Power      Damage    Failure   Level
 Magic Dart               Conj           0%         1d3       99%         1
 Sting                    Tmut/Pois      0%         1d3       99%         1
 Summon Small Mammal      Summ           0%         N/A       99%         1
 Call Imp                 Summ           0%         N/A       100%        2
 Ensorcelled Hibernation  Hex/Ice        0%         N/A       100%        2
 Poisonous Vapours        Pois/Air       0%         N/A       100%        2
 Searing Ray              Conj           0%         2d4       100%        2
 Call Canine Familiar     Summ           0%         N/A       100%        3
 Confusing Touch          Hex            0%         N/A       100%        3
 Frozen Ramparts          Ice            0%         1d2       100%        3
 Mephitic Cloud           Conj/Pois/Air  0%         N/A       100%        3
 Spider Form              Tmut/Pois      0%         N/A       100%        3
 Stone Arrow              Conj/Erth      0%         3d7       100%        3
 Summon Guardian Golem    Hex/Summ       0%         N/A       100%        3
 Airstrike                Air            0%         N/A       100%        4
 Anguish                  Hex/Necr       0%         N/A       100%        4
 Animate Armour           Summ/Erth      0%         N/A       100%        4
 Fulminant Prism          Conj/Hex       0%         3d6       100%        4
 Ice Form                 Ice/Tmut       0%         N/A       100%        4
 Olgreb's Toxic Radiance  Pois           0%         N/A       100%        4
 Summon Ice Beast         Ice/Summ       0%         N/A       100%        4
 Summon Lightning Spire   Summ/Air       0%         N/A       100%        4
 Lightning Bolt           Conj/Air       0%         1d11      100%        5
 Yara's Violent Unravell  Hex/Tmut       0%         3d3       100%        5
 Enfeeble                 Hex            0%         N/A       100%        7
 Lehudib's Crystal Spear  Conj/Erth      0%         10d2      100%        8


Dungeon Overview and Level Annotations

Branches:
Dungeon (11/15)            Temple (0/1) D:5            Lair (0/6) D:11
    Orc: D:9-12

Altars:
Dithmenos
Elyvilon
Hepliaklqana
Okawaru
Uskayaw
Vehumet
Xom
Yredelemnul

Shops:
D:3 *

Annotations:
D:5 2 runed translucent doors, samgaumpmail's ghost, novice DrTm
D:7 1 runed translucent door, IdlyInterested's ghost, novice DsGl
D:8 2 transporters, NateTC's ghost, novice MiFi
D:11 Fannar


Innate Abilities, Weirdness & Mutations

You are immune to sickness and miasma.
Your stone body is resilient. (AC +8)
You are immune to poison.
You resist negative energy. (rN+)
You are resistant to electric shocks. (rElec)
You are resistant to unholy torment.
You are immune to petrification.
You are covered in fur. (AC +1)


Message History

Aim: a centaur warrior simulacrum (heavily damaged, 87% to hit)
You shoot a sling bullet.
The sling bullet barely misses the centaur warrior simulacrum.
The centaur warrior simulacrum hits you but does no damage.
You block the centaur warrior simulacrum's attack.
The centaur warrior simulacrum barely misses you.
You block the centaur warrior simulacrum's attack.
Fire: b) +7 hunting sling "No More Talking" {vorpal, rN+ Stlth+}
Press: ? - help, Q - select action, (/) - cycle Shift-Dir - straight line, f/p - centaur warrior simulacrum
Aim: a centaur warrior simulacrum (heavily damaged, 87% to hit)
You shoot a sling bullet.
The sling bullet hits the centaur warrior simulacrum.
The centaur warrior simulacrum is severely damaged.
You block the centaur warrior simulacrum's attack.
The centaur warrior simulacrum barely misses you.
a - a +4 vorpal war axe (weapon)
You block the centaur warrior simulacrum's attack.
The centaur warrior simulacrum completely misses you.
You hit the centaur warrior simulacrum.
The centaur warrior simulacrum is severely damaged.
The centaur warrior simulacrum hits you but does no damage.
The centaur warrior simulacrum kicks you but does no damage.
You slice the centaur warrior simulacrum!!
The centaur warrior simulacrum vaporises!
You start resting.
A kobold comes into view. It is wielding a +0 dagger.
You slash the troll!
The troll is heavily wounded.
The troll bites you but does no damage. The troll claws you.
* * * LOW HITPOINT WARNING * * *
The troll claws you but does no damage.
You closely miss the troll.
The troll is heavily wounded.
You closely miss the troll.
The troll is heavily wounded.
Your extra speed is starting to run out.
You block the troll's attack. The troll claws you!
* * * LOW HITPOINT WARNING * * *
The troll claws you!
You die...

#.....#########
##...T#.......#
#.##.#.#####.######
#K##.#.#...........
#.##.#.#.###.#####.
#.##.#.#.....# #.
#.##°#.############
#.##.#.............
#.@T.##############
#.#### ###


You could see a troll and a kobold.

Vanquished Creatures
  Harold (D:11)
  4 two-headed ogres
  Amaemon (D:11)
  A manticore (D:11)
  An orange demon (D:11)
  Maurice (D:8)
  2 unseen horrors (D:11)
  A komodo dragon (D:10)
  A troll (D:7)
  2 hornets
  A centaur simulacrum (D:11)
  11 yaks
  3 wraiths
  4 wyverns
  A steam dragon (D:6)
  Menkaure (D:7)
  3 water moccasins
  An ice beast (D:10)
  2 ogres
  6 centaurs
  A kobold brigand (D:8)
  A necrophage (D:5)
  5 scorpions
  2 bullfrogs
  17 wights
  9 killer bees
  2 howler monkeys (D:7)
  4 hounds
  2 orc priests
  2 jellies (D:6)
  2 iguanas (D:6)
  2 orc wizards
  Robin (D:2)
  7 gnolls
  5 adders
  A shadow imp (D:6)
  3 white imps
  3 ufetubi
  2 worms
  4 dart slugs
  15 orcs
  6 ball pythons
  5 bats
  7 endoplasms
  6 giant cockroaches
  9 goblins
  8 hobgoblins
  8 jackals
  15 kobolds
  A quokka (D:3)
  3 frilled lizards
  8 rats
214 creatures vanquished.

Vanquished Creatures (others)
  7 plants (D:6)
  2 withered plants (D:7)
9 creatures vanquished.

Grand Total: 223 creatures vanquished

Notes
Turn   | Place    | Note
-------+----------+-------------------------------------------
     0 | D:1      | dolemite99 the Gargoyle Fighter began the quest for the
                  | Orb.
     0 | D:1      | Reached XP level 1. HP: 14/14 MP: 1/1
   167 | D:1      | Reached XP level 2. HP: 17/19 MP: 2/2
   715 | D:1      | Reached XP level 3. HP: 23/23 MP: 3/3
  1233 | D:2      | Reached XP level 4. HP: 21/28 MP: 4/4
  1608 | D:2      | Noticed Robin
  1616 | D:2      | Killed Robin
  2559 | D:3      | Reached XP level 5. HP: 29/32 MP: 5/5
  2738 | D:3      | Found Bubil's General Store.
  2778 | D:3      | Bought a scroll of identify for 20 gold pieces
  3001 | D:3      | Found a faded altar of an unknown god.
  3017 | D:3      | Reached skill level 5 in Polearms
  3038 | D:3      | Prayed at the altar of an unknown god.
  3038 | D:3      | Became a worshipper of Uskayaw the Reveller
  3038 | D:3      | Reached * piety under Uskayaw
  3352 | D:4      | Reached ** piety under Uskayaw
  3355 | D:4      | Reached XP level 6. HP: 31/37 MP: 6/6
  3485 | D:4      | Identified the ring of Tomorrow {+Blink rPois MP+9 Str+6
                  | Stlth+}
  3633 | D:4      | Reached *** piety under Uskayaw
  3635 | D:4      | Reached **** piety under Uskayaw
  3686 | D:4      | Found a basalt altar of Yredelemnul.
  4436 | D:5      | Entered Level 5 of the Dungeon
  4514 | D:5      | Found a runed translucent door.
  4531 | D:5      | Noticed samgaumpmail's ghost (novice DrTm)
  4615 | D:5      | Found a runed translucent door.
  4668 | D:5      | Reached XP level 7. HP: 39/41 MP: 7/7
  5400 | D:5      | Found a staircase to the Ecumenical Temple.
  5698 | D:3      | Bought a +3 vorpal war axe for 222 gold pieces
  5848 | D:6      | Reached skill level 1 in Axes
  5852 | D:6      | Found a hide-covered altar of Uskayaw.
  5934 | D:6      | Reached skill level 2 in Axes
  6041 | D:6      | Reached skill level 3 in Axes
  6041 | D:6      | Reached XP level 8. HP: 39/46 MP: 8/8
  6047 | D:6      | Reached skill level 4 in Axes
  6048 | D:6      | Reached ***** piety under Uskayaw
  6271 | D:6      | Found an iron altar of Okawaru.
  6441 | D:6      | Reached skill level 5 in Axes
  6690 | D:6      | Reached skill level 6 in Axes
  7279 | D:7      | Reached skill level 7 in Axes
  7279 | D:7      | Reached XP level 9. HP: 40/51 MP: 9/9
  8048 | D:7      | Noticed Menkaure
  8053 | D:7      | Killed Menkaure
  8054 | D:7      | Reached skill level 8 in Axes
  8124 | D:7      | Found a radiant altar of Vehumet.
  8338 | D:7      | Found a hazy altar of Hepliaklqana.
  8357 | D:7      | Noticed a hornet
  8370 | D:7      | Killed a hornet
  8543 | D:7      | Found a runed translucent door.
  8543 | D:7      | Noticed IdlyInterested's ghost (novice DsGl)
  8641 | D:7      | Found a shimmering altar of Xom.
  8642 | D:7      | Found a shadowy altar of Dithmenos.
  8671 | D:7      | Noticed a troll
  8680 | D:7      | Killed a troll
  8681 | D:7      | Reached skill level 9 in Axes
  8868 | D:8      | Found a transporter.
  8878 | D:8      | Noticed NateTC's ghost (novice MiFi)
  8968 | D:8      | Found a transporter.
  9034 | D:8      | Noticed a two-headed ogre
  9039 | D:8      | Killed a two-headed ogre
  9040 | D:8      | Reached skill level 10 in Axes
  9040 | D:8      | Reached XP level 10. HP: 56/56 MP: 10/10
  9392 | D:8      | Found a white marble altar of Elyvilon.
  9445 | D:8      | Noticed Maurice
  9450 | D:8      | Killed Maurice
  9451 | D:8      | Reached skill level 11 in Axes
  9452 | D:8      | You fall into a shaft and drop 2 floors!
  9452 | D:10     | Entered Level 10 of the Dungeon
 10040 | D:9      | Reached skill level 12 in Axes
 10726 | D:10     | Noticed a two-headed ogre
 10734 | D:10     | Killed a two-headed ogre
 10735 | D:10     | Reached XP level 11. HP: 54/60 MP: 11/11
 11224 | D:10     | Noticed a two-headed ogre
 11232 | D:10     | Killed a two-headed ogre
 11233 | D:10     | Reached skill level 5 in Maces & Flails
 12285 | D:10     | Reached skill level 1 in Invocations
 12710 | D:11     | Noticed a two-headed ogre
 12725 | D:11     | Killed a two-headed ogre
 12937 | D:11     | Identified the +7 hunting sling "No More Talking" {vorpal,
                  | rN+ Stlth+}
 13114 | D:11     | Noticed a manticore
 13130 | D:11     | Killed a manticore
 13131 | D:11     | Reached skill level 5 in Invocations
 13131 | D:11     | Reached skill level 1 in Slings
 13304 | D:11     | Found a staircase to the Lair.
 13383 | D:11     | Noticed Fannar
 13401 | D:11     | Gained mutation: You are covered in fur. (AC +1) [potion of
                  | mutation]
 14345 | D:11     | Noticed Amaemon
 14353 | D:11     | Killed Amaemon
 14597 | D:11     | Noticed Harold
 14605 | D:11     | Killed Harold
 14625 | D:11     | Reached skill level 5 in Fighting
 14660 | D:11     | HP: 2/64 [troll (7)]
 14660 | D:11     | Mangled by a troll

Illustrated notes

Levels and vault maps discovered:
D:1:      shiori_arrival_elements, layout_basic
D:2:      layout_basic, minmay_misc_feat_square, hangedman_abyss_or_decor_stabs,
          dk_noncrumbling_2, uniq_robin
D:3:      layout_loops_ring, hellmonk_ecumenical_altar_lost_god, serial_shops,
          shop_coins, kennysheep_generic_room_4
D:4:      layout_rooms, amcnicky_altar_gilded
D:5:      layout_layer_cave, minmay_temple_entry_poolview,
          ebering_ghost_sewer_f, kennysheep_crisscross
D:6:      layout_layer_cave, mainiacjoe_overflow_boulevard, marbit_many_paths,
          serial_bayou_crossing
D:7:      layout_cave_pods, gammafunk_temple_overflow_statue,
          nicolae_vehumet_radiance, old_standard_altar, gammafunk_ghost_grave,
          uniq_menkaure
D:8:      layout_rooms, mainiacjoe_overflow_brackets,
          gammafunk_ghost_stat_death, minmay_misc_feat_more_columns,
          uniq_maurice
D:9:      layout_long_grid
D:10:     layout_long_grid
D:11:     layout_basic, lair_entry_dummy, serial_ice, serial_ice_o,
          serial_ice_k, serial_ice_c, serial_ice_b, uniq_amaemon, uniq_fannar,
          uniq_harold

Skill      XL: |  1  2  3  4  5  6  7  8  9 10 11 |
---------------+----------------------------------+-----
Polearms       | 2 3 4 5 6 7 |  7.4
Axes           | 3 7 10 12 | 12.5
Maces & Flails | 4 6 |  6.0
Shields        | 4 |  4.0
Invocations    | 5 |  5.0
Slings         | 4 |  4.0
Fighting       | 5 |  5.4
Armour         | |  3.2

Action                   |  1- 3 |  4- 6 |  7- 9 | 10-12 || total
-------------------------+-------+-------+-------+-------++-------
Melee: Trident           |    80 |   192 |    36 |       ||   308
       War axe           |       |       |   141 |   239 ||   380
       Flail             |       |       |       |    33 ||    33
 Fire: Hunting sling     |       |       |       |    15 ||    15
Throw: Dart              |    37 |    12 |       |    31 ||    80
       Boomerang         |       |    23 |    44 |     5 ||    72
Evoke: Wand              |       |       |     4 |    10 ||    14
  Use: Scroll            |     1 |     4 |     7 |     5 ||    17
       Potion            |       |     1 |     1 |    10 ||    12
 Stab: Paralysed         |       |     1 |     2 |    22 ||    25
Armor: Scale mail        |    26 |       |       |       ||    26
       Chain mail        |    14 |    85 |   114 |     3 ||   216
       Plate armour      |       |       |       |   184 ||   184
Dodge: Dodged            |    24 |    57 |    54 |    87 ||   222
Block: Buckler           |    13 |    29 |    79 |   120 ||   241
       Reflection        |       |       |     3 |     7 ||    10

Table legend: (Time is in decaauts)
 A = Elapsed time spent in this place.
 B = Non-inter-level travel time spent in this place.
 C = Inter-level travel time spent in this place.
 D = Time resting spent in this place.
 E = Time spent auto-exploring this place.
 F = Levels seen in this place.
 G = Mean time per level.
                   A        B        C        D        E       F      G
               +--------+--------+--------+--------+--------+-----+--------+
         Total |  14702 |  13967 |    735 |   4203 |   7421 |  11 | 1336.5 |
       Dungeon |  14702 |  13967 |    735 |   4203 |   7421 |  11 | 1336.5 |
               +--------+--------+--------+--------+--------+-----+--------+

Top non-repeatable levels by time:
    D:10: 2182 daAuts
     D:7: 1864 daAuts
     D:2: 1606 daAuts
    D:11: 1529 daAuts
     D:6: 1476 daAuts
     D:5: 1249 daAuts
     D:4: 1193 daAuts
     D:9: 1016 daAuts
     D:1: 902 daAuts
     D:3: 879 daAuts
     D:8: 802 daAuts
